 Dungeon Crawl Stone Soup version 0.30.1-3-gfc49f6343a (webtiles) character file.

Game seed: 1708666714954684418

15 spardeous the Digger (level 2, 0/20 HPs)
             Began as a Demigod Earth Elementalist on July 22, 2023.
             Slain by Terence
             ... wielding a +0 short sword
              (1 damage)
             ... on level 2 of the Dungeon.
             The game lasted 00:01:25 (1181 turns).

spardeous the Digger (Demigod Earth Elementalist)   Turns: 1181, Time: 00:01:26

Health: 0/20       AC:  4    Str:  9    XL:     2   Next: 21%
Magic:  0/7        EV: 11    Int: 17    God:
Gold:   51         SH:  0    Dex: 14    Spells: 3/4 levels left

rFire   . . .        (no weapon)
rCold   . . .        (no shield)
rNeg    . . .        f - +0 leather armour
rPois   .            (no helmet)
rElec   .            (no cloak)
rCorr   .            e - +0 pair of gloves
SInv    .            (no boots)
Will    .....        (no amulet)
Stlth   ++           g - ring of flight
HPRegen 0.23/turn    (no ring)
MPRegen 0.10/turn

%: no passive effects
@: flying, very slightly contaminated
A: high MP 1, forlorn, divine attributes
a: no special abilities


You were on level 2 of the Dungeon.
You visited 1 branch of the dungeon, and saw 2 of its levels.

You collected 51 gold pieces.

Inventory:

Armour
 a - a +0 robe
 e - a +0 pair of gloves (worn)
 f - a +0 leather armour (worn)
Jewellery
 g - a ring of flight (left hand)
Scrolls
 d - a scroll of immolation
Potions
 b - a potion of magic
 h - 2 potions of might {unknown}
 i - a potion of curing


   Skills:
 - Level 1.7 Dodging
 - Level 1.7 Stealth
 - Level 1.7 Spellcasting
 - Level 0.8 Transmutations
 + Level 3.4 Earth Magic


You had 3 spell levels left.
You knew the following spells:

 Your Spells              Type           Power      Damage    Failure   Level
a - Sandblast             Erth           26%        2d8       7%          1

Your spell library contained the following spells:

 Spells                   Type           Power      Damage    Failure   Level
 Passwall                 Tmut/Erth      6%         N/A       17%         2
 Stone Arrow              Conj/Erth      14%        3d7       38%         3
 Inner Flame              Hex/Fire       1%         N/A       63%         3
 Petrify                  Tmut/Erth      8%         N/A       75%         4
 Flame Wave               Conj/Fire      1%         2d4       95%         4
 Sticky Flame             Conj/Fire      1%         2d3       95%         4


Dungeon Overview and Level Annotations

Branches:
Dungeon (2/15)

Annotations:
D:2 Terence


Innate Abilities, Weirdness & Mutations

You have an increased reservoir of magic. (+10% MP)
You shall have no god before yourself.
Your divine heritage dramatically boosts your attributes as you level up.


Message History

The blast of sand hits Terence.
Terence is moderately wounded.
Terence hits you with a +0 short sword.
* * * LOW HITPOINT WARNING * * *
You take 3 damage, and have 6/20 hp.
Casting: Sandblast (safe; 7% risk of failure)
Confirm with . or Enter, or press ? or * to list all spells.
Aiming: Sandblast (safe; 7% risk of failure)
Press: ? - help, Shift-Dir - straight line, f/p - Terence
Aim: Terence, wielding a +0 short sword and wearing a +3 ring mail of fire resistance (moderately wounded, 84% to hit)
The blast of sand hits Terence but does no damage.
Terence is moderately wounded.
Terence barely misses you. Terence misses you.
You now have 0/7 mp.
Casting: Sandblast (safe; 7% risk of failure)
Confirm with . or Enter, or press ? or * to list all spells.
You don't have enough magic to cast this spell.
Terence attacks as you move away! Terence hits you with a +0 short sword.
* * * LOW HITPOINT WARNING * * *
You take 5 damage, and have 2/20 hp.
MASSIVE DAMAGE!!
Terence attacks as you move away! Terence barely misses you.
Terence attacks as you move away! Terence misses you.
Terence attacks as you move away! Terence misses you.
Terence says, "Don't bother to defend, it's senseless."
Found a stone staircase leading up.
Casting: Sandblast (safe; 7% risk of failure)
Confirm with . or Enter, or press ? or * to list all spells.
Aiming: Sandblast (safe; 7% risk of failure)
Press: ? - help, Shift-Dir - straight line, f/p - Terence
Aim: Terence, wielding a +0 short sword and wearing a +3 ring mail of fire resistance (moderately wounded, 84% to hit)
You miscast Sandblast.
You are very lightly contaminated with residual magic.
Nothing appears to happen.
Terence hits you with a +0 short sword.
* * * LOW HITPOINT WARNING * * *
You take 3 damage, and have 1/20 hp.
You now have 0/7 mp.
As you read the scroll labelled QIN SUIJIFOGET, it crumbles to dust.
It is a scroll of identify.
d - a scroll of immolation Terence hits you with a +0 short sword.
You die...

#.# #......#.#.#
#.#<# #......#.#.#
#.#.# #..[...#.#..
#.#.# #......#.# ..
#### #.#.#
#.######.# ...
##....#.#.###.###
......#.#.##....# #
........#.##....#..
..S...#.#@##....#.#
#.###.#.#@##....#.#
# #.#.##....#.###
#.#.###.#.....#
#.#.###.#.....###
#.#.....#........
#.#######.....###
#................
#################


You could see Terence.

Vanquished Creatures
  2 endoplasms
  2 giant cockroaches (D:1)
  2 goblins (D:1)
  2 hobgoblins
  2 quokkas
  A ball python (D:2)
  A rat (D:1)
12 creatures vanquished.

Notes
Turn   | Place    | Note
-------+----------+-------------------------------------------
     0 | D:1      | spardeous the Demigod Earth Elementalist began the quest
                  | for the Orb.
     0 | D:1      | Reached XP level 1. HP: 14/14 MP: 5/5
   281 | D:1      | Reached skill level 3 in Earth Magic
   656 | D:1      | Reached XP level 2. HP: 20/20 MP: 5/7
  1064 | D:2      | Noticed Terence
  1180 | D:2      | HP: 1/20 [Terence/+0 short sword (3)]
  1181 | D:2      | Slain by Terence

Illustrated notes

Levels and vault maps discovered:
D:1:      psy_arrival_terrarium, layout_basic
D:2:      minmay_recursive_quarters, layout_basic, uniq_terence, uniq_natasha

Skill      XL: |  1 |
---------------+----+-----
Earth Magic    | 3 |  3.4
Dodging        | |  1.7
Stealth        | |  1.7
Spellcasting   | |  1.7
Transmutations | |  0.8

Action                     || total
---------------------------++-------
  Melee: Unarmed           ||     1
   Cast: Sandblast         ||    29
    Use: Scroll            ||     1
 Armour: Robe              ||     2
         Leather armour    ||    16
  Dodge: Dodged            ||    48
